 Dungeon Crawl Stone Soup version 0.28-a0-973-ga7f8b01127 (webtiles) character file.

Game seed: 12784404135881245217

694 cheechan the Gusty (level 7, -23/45 HPs)
             Began as an Octopode Air Elementalist on Dec 1, 2021.
             Annihilated by an ogre (31 damage)
             ... on level 5 of the Dungeon.
             The game lasted 00:19:55 (6084 turns).

cheechan the Gusty (Octopode Air Elementalist)      Turns: 6084, Time: 00:19:56

Health: -23/45     AC:  1    Str:  8    XL:     7   Next: 64%
Magic:  6/12       EV: 13    Int: 17    God:
Gold:   278        SH:  0    Dex: 12    Spells: 12/13 levels left

rFire   . . .      SeeInvis .   f - +0 glaive
rCold   . . .      Faith    .   (shield currently unavailable)
rNeg    . . .      Spirit   .   (helmet restricted)
rPois   .          Reflect  .   r - amulet of regeneration
rElec   +          Harm     .   g - +4 ring of slaying
rCorr   .          Rampage  .   (no ring)
Will    .....                   (no ring)
Stlth   ++++......              (no ring)
HPRegen 0.95/turn               (no ring)
MPRegen 0.13/turn               (no ring)
                                (no ring)
                                (no ring)

@: no status effects
A: almost no armour, amphibious, 8 rings, camouflage 1, gelatinous body 1,
(nimble swimmer 1), tentacles, clumsy 1, mutation resistance 1, electricity
resistance
a: no special abilities


You were on level 5 of the Dungeon.
You visited 1 branch of the dungeon, and saw 5 of its levels.

You collected 278 gold pieces.

Inventory:

Hand Weapons
 f - a +0 glaive (weapon)
 p - a +0 hand crossbow
Missiles
 a - 27 poisoned darts (quivered)
 c - 73 arrows
 o - 17 sling bullets
 q - 19 bolts
Jewellery
 g - a +4 ring of slaying (left tentacle)
 l - an amulet of the acrobat
 r - an amulet of regeneration (around mantle)
Scrolls
 h - 3 scrolls of amnesia
 j - 2 scrolls of fog
 m - 2 scrolls of magic mapping
 s - a scroll of fear
Potions
 b - 2 potions of brilliance
 d - 3 potions of might
 e - 2 potions of resistance
 i - 2 potions of attraction
 k - a potion of ambrosia {unknown}
 n - a potion of invisibility {unknown}


   Skills:
 + Level 2.0 Fighting
 + Level 3.3 Polearms
 + Level 0.2 Throwing
 + Level 2.9 Dodging
 + Level 4.3 Stealth
 + Level 0.3 Unarmed Combat
 + Level 3.8 Spellcasting
 + Level 2.8 Conjurations
 + Level 4.7 Air Magic


You had 12 spell levels left.
You knew the following spells:

 Your Spells              Type           Power      Damage    Failure   Level
a - Shock                 Conj/Air       64%        1d7       3%          1

Your spell library contained the following spells:

 Spells                   Type           Power      Damage    Failure   Level
 Static Discharge         Conj/Air       16%        N/A       4%          2
 Swiftness                Air            19%        N/A       7%          3
 Apportation              Tloc           6%         N/A       16%         1
 Airstrike                Air            9%         N/A       22%         4
 Sublimation of Blood     Necr           3%         N/A       24%         2
 Wereblood                Tmut           3%         N/A       24%         2
 Gell's Gravitas          Tloc           3%         N/A       43%         3
 Teleport Other           Tloc           3%         N/A       43%         3
 Alistair's Intoxication  Tmut/Pois      2%         N/A       99%         5
 Dispersal                Tloc           1%         N/A       100%        6
 Summon Hydra             Summ           1%         N/A       100%        7


Dungeon Overview and Level Annotations

Branches:
Dungeon (5/15)
 Temple: D:4-7

Altars:

Shops:
D:2 !


Innate Abilities, Weirdness & Mutations

You cannot wear most types of armour.
You are amphibious.
You can wear up to eight rings at the same time.
Your skin changes colour to match your surroundings (Stealth+).
Your rubbery body absorbs attacks. (AC +1, EV +1)
((You are camouflaged near water. (Stealth+)))
You have tentacles for arms and can constrict up to eight enemies at once.
You are clumsy. (Dex -2)
You are somewhat resistant to further mutation.
You are resistant to electric shocks. (rElec)


Message History

Aim: an ogre, wielding a +0 giant club (moderately wounded, 86% to hit)
The zap hits the ogre.
The ogre is heavily wounded.
Unknown command.
Casting: Shock (safe; 3% risk of failure)
Confirm with . or Enter, or press ? or * to list all spells.
Aiming: Shock (safe; 3% risk of failure)
Press: ? - help, Shift-Dir - straight line, f/p - ogre
Aim: an ogre, wielding a +0 giant club (heavily wounded, 86% to hit)
The zap misses the ogre.
The ogre hits you with a +0 giant club!!
Ouch! That really hurt!
Unknown command.
Casting: Shock (safe; 3% risk of failure)
Confirm with . or Enter, or press ? or * to list all spells.
Aiming: Shock (safe; 3% risk of failure)
Press: ? - help, Shift-Dir - straight line, f/p - ogre
Aim: an ogre, wielding a +0 giant club (heavily wounded, 86% to hit)
The zap hits the ogre.
The ogre is severely wounded.
Unknown command.
Casting: Shock (safe; 3% risk of failure)
Confirm with . or Enter, or press ? or * to list all spells.
Aiming: Shock (safe; 3% risk of failure)
Press: ? - help, Shift-Dir - straight line, f/p - ogre
Aim: an ogre, wielding a +0 giant club (severely wounded, 86% to hit)
The zap hits the ogre.
The ogre is severely wounded.
The ogre hits you with a +0 giant club!
* * * LOW HITPOINT WARNING * * *
Casting: Shock (safe; 3% risk of failure)
Confirm with . or Enter, or press ? or * to list all spells.
Aiming: Shock (safe; 3% risk of failure)
Press: ? - help, Shift-Dir - straight line, f/p - ogre
Aim: an ogre, wielding a +0 giant club (severely wounded, 86% to hit)
The zap hits the ogre.
The ogre is severely wounded.
The ogre hits you with a +0 giant club!!
Ouch! That really hurt!
You die...

......#...... #.....#.... #..
......##...####.....##'########..
###...# ...##<#####..............
###...# ...#.....#..............
.......# ..#.....#..............
.......# ./# ....#..............
......##########'##..............
.######..............############
.#..............@....#...........
.#.............O.....#...........
.#...................'...........
.#...................#...........
.#...................#...###...##
.'.....########.....##...####'###
.#.....'......#.....#.......<...#
.#.....#......#.....#...........#
'#.....#..[...#.....#...........#


You could see an ogre.

Vanquished Creatures
  2 ogres (D:5)
  A bullfrog (D:4)
  A gnoll shaman (D:5)
  A hound (D:5)
  2 centaur skeletons
  2 iguanas
  A hound zombie (D:5)
  11 adders
  6 gnolls (D:5)
  An adder zombie (D:5)
  An adder skeleton (D:4)
  A worm (D:2)
  14 orcs
  6 ball pythons
  5 bats
  6 endoplasms
  A giant cockroach (D:2)
  6 goblins
  11 hobgoblins
  4 quokkas
  5 frilled lizards
  8 kobolds
  18 rats
114 creatures vanquished.

Vanquished Creatures (others)
  A fungus (D:3)
1 creature vanquished.

Grand Total: 115 creatures vanquished

Notes
Turn   | Place    | Note
-------+----------+-------------------------------------------
     0 | D:1      | cheechan the Octopode Air Elementalist began the quest for
                  | the Orb.
     0 | D:1      | Reached XP level 1. HP: 11/11 MP: 3/3
   526 | D:1      | Reached XP level 2. HP: 17/17 MP: 3/5
  1463 | D:2      | Reached XP level 3. HP: 2/21 MP: 2/6
  2145 | D:2      | Reached XP level 4. HP: 24/27 MP: 0/7
  2179 | D:2      | Reached skill level 1 in Polearms
  2310 | D:2      | Found Xantus's Distillery.
  2716 | D:3      | Found a faded altar of an unknown god.
  3076 | D:3      | Reached XP level 5. HP: 12/32 MP: 6/8
  4158 | D:4      | Gained mutation: You are clumsy. (Dex -2) [potion of
                  | mutation]
  4158 | D:4      | Gained mutation: You are resistant to electric shocks.
                  | (rElec) [potion of mutation]
  4158 | D:4      | Gained mutation: You have a pair of small antennae on your
                  | head. [potion of mutation]
  4158 | D:4      | HP: 1/32 [poisoned by an adder]
  4360 | D:4      | Lost mutation: You have a pair of small antennae on your
                  | head. [potion of mutation]
  4360 | D:4      | Lost mutation: You are resistant to electric shocks.
                  | (rElec) [potion of mutation]
  4360 | D:4      | Gained mutation: You are resistant to electric shocks.
                  | (rElec) [potion of mutation]
  4360 | D:4      | Gained mutation: You are somewhat resistant to further
                  | mutation. [potion of mutation]
  4484 | D:4      | Reached XP level 6. HP: 33/37 MP: 7/10
  4518 | D:4      | Reached skill level 1 in Fighting
  4839 | D:5      | Entered Level 5 of the Dungeon
  5258 | D:5      | HP: 1/38 [gnoll (4)]
  5448 | D:5      | Reached XP level 7. HP: 31/43 MP: 0/12
  6084 | D:5      | Annihilated by an ogre

Illustrated notes

Levels and vault maps discovered:
D:1:      shiori_arrival_whats_in_store_for_you, layout_basic,
          minmay_rat_gold_closets
D:2:      minmay_chambers_of_ones, layout_loops_cross, serial_shops, shop
D:3:      layout_rooms, shapermc_ecumenical_altar_ellora, lemuel_another_geyser
D:4:      layout_basic, chequers_ossuary_entry_cave, interstate_on_off
D:5:      layout_gridville, eino_small_chamber_without_monster

Skill      XL: |  1  2  3  4  5  6  7 |
---------------+----------------------+-----
Stealth        | 3 4 |  4.3
Polearms       | 1 2 3 |  3.3
Spellcasting   | 3 |  3.8
Fighting       | 1 2 |  2.0
Conjurations   | 2 |  2.8
Air Magic      | 4 |  4.7
Throwing       | |  0.2
Dodging        | |  2.9
Unarmed Combat | |  0.3

Action                   |  1- 3 |  4- 6 |  7- 9 || total
-------------------------+-------+-------+-------++-------
Melee: Unarmed           |    18 |       |       ||    18
       Constrict         |    10 |    14 |     5 ||    29
       Tentacles         |     3 |     6 |     2 ||    11
       Glaive            |    23 |    66 |    20 ||   109
Throw: Dart              |       |     3 |       ||     3
 Cast: Shock             |    46 |    86 |    46 ||   178
  Use: Scroll            |     6 |     5 |       ||    11
       Potion            |       |     3 |       ||     3
 Stab: Sleeping          |     1 |     4 |       ||     5
Armor: Skin              |     4 |     7 |     2 ||    13
Dodge: Dodged            |    30 |    66 |    20 ||   116

Table legend: (Time is in decaauts)
 A = Elapsed time spent in this place.
 B = Non-inter-level travel time spent in this place.
 C = Inter-level travel time spent in this place.
 D = Time resting spent in this place.
 E = Time spent auto-exploring this place.
 F = Levels seen in this place.
 G = Mean time per level.
                   A        B        C        D        E       F      G
               +--------+--------+--------+--------+--------+-----+--------+
         Total |   6148 |   6148 |      0 |   1528 |      0 |   5 | 1229.6 |
       Dungeon |   6148 |   6148 |      0 |   1528 |      0 |   5 | 1229.6 |
               +--------+--------+--------+--------+--------+-----+--------+

Top non-repeatable levels by time:
     D:1: 1370 daAuts
     D:5: 1263 daAuts
     D:4: 1178 daAuts
     D:2: 1176 daAuts
     D:3: 1158 daAuts
